 Dungeon Crawl Stone Soup version 0.30-a0-394-g3e4acdb0ae (webtiles) character file.

Game seed: 15033040424921144422

191 p00ps00p the Trooper (level 5, 0/47 HPs)
             Began as a Hill Orc Fighter on Dec 6, 2022.
             Slain by an ogre
             ... wielding a +0 giant spiked club
              (13 damage)
             ... on level 4 of the Dungeon.
             The game lasted 00:06:01 (2569 turns).

p00ps00p the Trooper (Hill Orc Fighter)             Turns: 2569, Time: 00:06:01

Health: 0/47       AC: 10    Str: 21    XL:     5   Next: 70%
Magic:  5/5        EV:  9    Int:  8    God:
Gold:   177        SH:  5    Dex: 10    Spells: 4/4 levels left

rFire   . . .      SeeInvis .    a - +0 war axe
rCold   . . .      Faith    .    c - +1 buckler
rNeg    . . .      Spirit   .    b - +0 scale mail
rPois   .          Reflect  .    d - +0 helmet
rElec   .          Harm     .    (no cloak)
rCorr   .          Rampage  .    (no gloves)
Will    .....                    p - +1 pair of boots
Stlth   ..........               (no amulet)
HPRegen 0.27/turn                (no ring)
MPRegen 0.09/turn                (no ring)

@: mighty
A: no striking features
a: Convert to Beogh


You were on level 4 of the Dungeon.
You visited 1 branch of the dungeon, and saw 4 of its levels.

You collected 177 gold pieces.

Inventory:

Hand Weapons
 a - a +0 war axe (weapon)
Missiles
 k - 11 poisoned darts (quivered)
Armour
 b - a +0 scale mail (worn)
 c - a +1 buckler (worn)
 d - a +0 helmet (worn)
 p - a +1 pair of boots (worn)
Scrolls
 l - a scroll of poison
Potions
 e - 2 potions of degeneration
 f - a potion of cancellation {unknown}
 g - a potion of curing
 h - a potion of mutation {unknown}
 i - a potion of heal wounds {unknown}
 j - a potion of haste {unknown}
 o - a potion of flight {unknown}
 q - a potion of ambrosia {unknown}


   Skills:
 + Level 4.9 Fighting
 + Level 4.4 Axes
 + Level 4.4 Armour
 + Level 4.4 Shields


You had 4 spell levels left.
You didn't know any spells.
Your spell library contained the following spells:

 Spells                   Type           Power      Damage    Failure   Level
 Freeze                   Ice            0%         1d3       83%         1
 Frozen Ramparts          Ice            0%         1d1       99%         3
 Gell's Gravitas          Tloc           0%         N/A       99%         3
 Hailstorm                Conj/Ice       0%         3d3       99%         3
 Teleport Other           Tloc           0%         N/A       99%         3
 Dispersal                Tloc           0%         N/A       100%        6


Dungeon Overview and Level Annotations

Branches:
Dungeon (4/15)
 Temple: D:4-7

Altars:

Shops:
D:1 =

Annotations:
D:3 1 runed translucent door, DrKenneth's ghost, amateur MiFi
D:4 1 transporter, sirJeffrey23's ghost, amateur MeWn


Message History

You hear a chilling moan.
Found a blackened soapstone amulet.
An orc priest comes into view. It is wielding a +0 hand axe.
The quasit gives a chilling moan.
The orc priest shouts, "Beogh is our master!
Accept the truth or die!" (press Y on the ability menu to convert to Beogh)
The orc priest shouts!
You hear a shout! x2
The orc priest begins to cast a cantrip, but forgets the words!
An orc comes into view. It is wielding a +0 flail.
An orc priest comes into view. It is wielding a +0 falchion.
The orc priest calls down the wrath of Beogh upon you.
Beogh smites you!
An ogre comes into view. It is wielding a +0 giant spiked club.
You hear the slow hiss of a distant avalanche of sand.
The ogre shouts!
You feel very mighty all of a sudden.
An orc comes into view. It is wielding a +0 dagger.
You feel better.
A scorpion comes into view.
The orc priest begins to cast a cantrip, but forgets the words!
An ogre comes into view. It is wielding a +0 giant club.
The ogre shouts!
The orc priest calls down the wrath of Beogh upon you.
Pain shoots through your body!
The orc priest calls down the wrath of Beogh upon you.
Pain shoots through your body!
The orc priest mumbles some strange prayers to Beogh against you.
Pain shoots through your body!
The orc priest shouts, "Surrender to Beogh and we'll let you live!"
You slice the orc!!
You kill the orc!
You slash the ogre!
The ogre is moderately wounded.
You barely miss the orc priest.
The orc priest threatens, "By the altar or by the axe, you will meet Beogh!"
The orc priest calls down the wrath of Beogh upon you.
Beogh smites you!
* * * LOW HITPOINT WARNING * * *
The ogre hits you with a +0 giant spiked club!
You die...

*,**,,,,,,,,,,,,,,,,,,,,,,,,,,,,,
*,**,,,,,,................,,,,,,,
,,,,,,,,,.#...............,,,,,,,
,,,,,,,,,.................,,,,,>,
,**,,,,,,...............#,,,,,,*,
,,,,,,,,,....O.s........#*,,,,**,
*,,*,*,,,,..............#**,,,,,,
,,,,**,,,****#ooOo......##,,.....
,,*,**,***,,,**#@........#,,....*
,,****,*,,,,,,,##..............#*
,,^,>*,*,,,#,#,,#.....##..>....#,
,,,,,,,*,,,#.#",#.........##...#,
,,,,,,**,*,....##....#......#..#,
,*,,*,*,*,,.#..#...............#,
*,**,,*,,,*©.=?#©.......###.<..#,
,,,*,,**,,,.5#?#............)..#,
**,,,,©*,*,.,#.##..............#*


You could see 2 ogres, a scorpion, 2 orc priests and an orc.

Vanquished Creatures
  An iguana (D:4)
  Robin (D:3)
  3 gnolls
  An adder (D:2)
  4 worms
  3 dart slugs
  An orc (D:4)
  8 bats
  10 endoplasms
  2 giant cockroaches (D:2)
  11 hobgoblins
  2 jackals (D:2)
  5 kobolds
  A quokka (D:1)
  6 ball pythons
  3 frilled lizards
  16 goblins
  6 rats
84 creatures vanquished.

Vanquished Creatures (others)
  A gnoll (D:2)
1 creature vanquished.

Grand Total: 85 creatures vanquished

Notes
Turn   | Place    | Note
-------+----------+-------------------------------------------
     0 | D:1      | p00ps00p the Hill Orc Fighter began the quest for the Orb.
     0 | D:1      | Reached XP level 1. HP: 19/19 MP: 1/1
   255 | D:1      | Reached XP level 2. HP: 27/27 MP: 2/2
   376 | D:1      | Found Kutusk's Jewellery Boutique.
   663 | D:1      | Reached XP level 3. HP: 32/33 MP: 3/3
   865 | D:2      | Reached XP level 4. HP: 11/40 MP: 4/4
  1739 | D:3      | Reached XP level 5. HP: 46/47 MP: 5/5
  1776 | D:3      | Found a runed translucent door.
  1776 | D:3      | Noticed DrKenneth's ghost (amateur MiFi)
  2174 | D:3      | Noticed Robin
  2196 | D:3      | Killed Robin
  2550 | D:4      | Found a transporter.
  2553 | D:4      | Noticed sirJeffrey23's ghost (amateur MeWn)
  2563 | D:4      | Noticed an ogre
  2566 | D:4      | Noticed an ogre
  2569 | D:4      | Slain by an ogre

Illustrated notes

Levels and vault maps discovered:
D:1:      sevenhm_arrival_forest_fort_small_5, layout_loops_cross, serial_shops,
          nicolae_shop_crystal
D:2:      layout_basic
D:3:      layout_loops_ring, gammafunk_ghost_grave, uniq_robin
D:4:      layout_cave_pools, jmf_multi_god_temple2, gammafunk_ghost_stat_death,
          nicolae_ossuary_entry_false_entrances,
          nicolae_concentric_dashed_squares_wild, minivault_5, uniq_pikel

Skill      XL: |  1  2  3  4 |
---------------+-------------+-----
Axes           | 3 4 |  4.4
Fighting       | 4 |  4.9
Armour         | 4 |  4.4
Shields        | 4 |  4.4

Action                   |  1- 3 |  4- 6 || total
-------------------------+-------+-------++-------
Melee: War axe           |    81 |   162 ||   243
  Use: Scroll            |       |     6 ||     6
       Potion            |       |     3 ||     3
Armor: Scale mail        |    68 |    84 ||   152
Dodge: Dodged            |    51 |    84 ||   135
Block: Buckler           |    34 |    51 ||    85

Table legend: (Time is in decaauts)
 A = Elapsed time spent in this place.
 B = Non-inter-level travel time spent in this place.
 C = Inter-level travel time spent in this place.
 D = Time resting spent in this place.
 E = Time spent auto-exploring this place.
 F = Levels seen in this place.
 G = Mean time per level.
                   A        B        C        D        E       F      G
               +--------+--------+--------+--------+--------+-----+--------+
         Total |   2660 |   2580 |     80 |    223 |   1587 |   4 |  665.0 |
       Dungeon |   2660 |   2580 |     80 |    223 |   1587 |   4 |  665.0 |
               +--------+--------+--------+--------+--------+-----+--------+

Top non-repeatable levels by time:
     D:1: 989 daAuts
     D:3: 844 daAuts
     D:2: 770 daAuts
     D:4: 56 daAuts
